 Dungeon Crawl Stone Soup version 0.25.1-8-g42b30a86e7 (webtiles) character file.

Game seed: 13975997861706288943

116 Gadfly the Chopper (level 5, -2/46 HPs)
             Began as a Hill Orc Abyssal Knight on Dec 19, 2020.
             Was a Priest of Lugonu.
             Killed by divine providence
             ... invoked by an orc priest
              (11 damage)
             ... on level 3 of the Dungeon.
             The game lasted 00:04:44 (2704 turns).

Gadfly the Chopper (Hill Orc Abyssal Knight)        Turns: 2704, Time: 00:04:44

Health: -2/46      AC:  6    Str: 22    XL:     5   Next: 0%
Magic:  8/8        EV: 10    Int: 12    God:    Lugonu [***...]
Gold:   163        SH:  0    Dex: 10    Spells: 4/4 levels left

rFire    . . .     SeeInvis .   a - +1 hand axe
rCold    . . .     Gourm    .   (no shield)
rNeg     . . .     Faith    .   m - +0 scale mail
rPois    +         Spirit   .   (no helmet)
rElec    .         Reflect  .   (no cloak)
rCorr    .         Harm     .   (no gloves)
MR       .....                  (no boots)
Stlth    ..........             (no amulet)
HPRegen  0.15/turn              f - +6 ring of strength
MPRegen  0.11/turn              e - ring of poison resistance

@: no status effects
A: no striking features
a: Depart the Abyss, Bend Space, Banish, Renounce Religion, Convert to Beogh


You were on level 3 of the Dungeon.
You worshipped Lugonu.
Lugonu was most pleased with you.
You were not hungry.

You visited 1 branch of the dungeon, and saw 3 of its levels.
You visited the Abyss 1 time.

You collected 163 gold pieces.

Inventory:

Hand Weapons
 a - a +1 hand axe (weapon)
 b - a +0 whip of freezing
Armour
 m - a +0 scale mail (worn)
Jewellery
 e - a ring of poison resistance (right hand)
 f - a +6 ring of strength (left hand)
Scrolls
 g - 2 scrolls of identify
 i - 4 scrolls of remove curse
 l - a scroll of teleportation
Potions
 h - a potion of cancellation
 j - a potion of curing
 k - a potion of berserk rage
Comestibles
 c - 4 rations
 d - 2 chunks of flesh


   Skills:
 + Level 4.1 Fighting
 * Level 4.2 Axes
 * Level 3.4 Armour
 - Level 0.7 Dodging
 * Level 4.0 Invocations


You had 4 spell levels left.
You didn't know any spells.
Your spell library was empty.

Dungeon Overview and Level Annotations

Branches:
Dungeon (3/15)

Altars:
Nemelex Xobeh


Message History

Beogh smites you!
Items here: )) [ ÷ a +0 ring mail; a +0 dagger; a +0 club; an orc skeleton An orc comes into view.
It is wielding a +0 dagger.
You see here 13 gold pieces.
You now have 163 gold pieces (gained 13).
The orc shouts!
An orc comes into view. It is wielding a +0 mace.
You see here a scroll of identify.
g - 2 scrolls of identify (gained 1)
The orc priest invokes the aid of Beogh against you.
Beogh smites you!
* * * LOW HITPOINT WARNING * * *
Okay, then.
Things that are here:
a +0 mace; a +0 leather armour
There is a stone staircase leading up here.
The orc priest invokes the aid of Beogh against you.
Beogh smites you!
You die...

#.# .... #.#
....# #)# ##.....
#.#######.......#
#.........#......
#........)......
#.........# #.#
#@o.o...[###..# #
#.)o.[(..#...#...
#....÷÷..[.....#
##...÷........##
#...÷......#.#
#......[.......
#................
##...............
#........#?.....


You could see an orc priest and 2 orcs.

Vanquished Creatures
  4 adders (D:2)
  An ooze (D:2)
  A dart slug (D:1)
  2 leopard geckos
  8 orcs
  3 ball pythons (D:2)
  2 giant cockroaches (D:2)
  5 goblins
  5 hobgoblins
  8 jackals
  2 quokkas
  7 bats
  3 frilled lizards
  7 kobolds
  5 rats
63 creatures vanquished.

Notes
Turn   | Place    | Note
-------+----------+-------------------------------------------
     0 | Abyss:1  | Gadfly the Hill Orc Abyssal Knight began the quest for the
                  | Orb.
     0 | Abyss:1  | Reached XP level 1. HP: 19/19 MP: 2/2
    17 | Abyss:1  | Found a bloodstained altar of Trog.
    22 | D:1      | Escaped the Abyss
   232 | D:1      | Reached XP level 2. HP: 24/27 MP: 4/4
   994 | D:2      | Reached XP level 3. HP: 30/33 MP: 5/5
  1044 | D:2      | Reached ** piety under Lugonu
  1555 | D:2      | Reached XP level 4. HP: 32/40 MP: 6/6
  1719 | D:2      | Found a sparkling altar of Nemelex Xobeh.
  1810 | D:2      | Found a faded altar of an unknown god.
  2564 | D:3      | Reached *** piety under Lugonu
  2570 | D:3      | Reached XP level 5. HP: 29/46 MP: 6/8
  2704 | D:3      | Killed from afar by an orc priest

Illustrated notes

Levels and vault maps discovered:
D:1:      lemuel_arrival_behind_the_door_large, layout_basic, minmay_3d_cube
D:2:      layout_loops_ring, chequers_ecumenical_altar_twisty,
          kennysheep_path_1, serial_park_tiny_2, serial_bayou_pond_c,
          nemelex_dance_club_becter
D:3:      layout_rooms, first_ration

Skill      XL: |  1  2  3  4 |
---------------+-------------+-----
Axes           | 3 4 |  4.2
Invocations    | 3 4 |  4.0
Armour         | 3 |  3.4
Fighting       | 4 |  4.1
Dodging        | |  0.7

Action                   |  1- 3 |  4- 6 || total
-------------------------+-------+-------++-------
Melee: Hand axe          |    96 |    95 ||   191
  Use: Scroll            |     3 |     4 ||     7
       Potion            |       |     1 ||     1
  Eat: Chunk             |     2 |     4 ||     6
Armor: Ring mail         |    28 |       ||    28
       Scale mail        |     3 |    62 ||    65
Dodge: Dodged            |    67 |    67 ||   134
